Map: Ulrena

Players

MythiC - Winner!

  • Race: Terran Terran
  • League: Grandmaster

Sziky

  • Race: Zerg Zerg
  • League: Master

VOD

Have the link to the VOD?

Description

Time

  • Played on: Jan. 6, 2016, 4:06 p.m.
  • Length: 5:04
Show
View Real Time Build Order
Export as new Build Order

MythiC Terran - Winner!

Build Orders: Reaper Expand 

Get SALT Encoding   

  12  0:01  SCV  
  13  0:13  SCV  
  14  0:17  Supply Depot  
  14  0:25  SCV  
  15  0:39  SCV  
  15  0:41  Barracks  
  16  0:44  Refinery  
  16  0:51  SCV  
  17  1:03  SCV  
  18  1:15  SCV  
  19  1:29  Orbital Command  
  19  1:30  Reaper  
  20  1:42  Command Center  
  20  1:51  Supply Depot  
  20  1:55  Refinery  
  20  1:56  SCV  
  21  2:02  Marine  
  21  2:07  Factory  
  22  2:10  SCV  
  24  2:22  SCV  
  24  2:28  Refinery  
  24  2:29  Barracks Reactor  
  24  2:33  Supply Depot  
  24  2:36  SCV  
  25  2:54  Factory Tech Lab, SCV  
  25  2:55  Orbital Command  
  26  3:03  Bunker  
  25  3:05  Marine  
  25  3:06  SCV, Marine  
  28  3:12  Supply Depot  
  28  3:13  Siege Tank  
  28  3:19  SCV  
  32  3:23  SCV, Marine x2  
  35  3:31  SCV  
  36  3:41  Marine x2  
  36  3:43  SCV  
  36  3:45  Siege Tank  
  42  3:55  SCV  
  43  3:59  Starport  
  43  4:00  SCV  
  44  4:07  SCV, Marine x2  
  47  4:12  SCV  
  48  4:19  SCV  
  48  4:21  Supply Depot  
  49  4:27  SCV  
  49  4:29  Widow Mine  
  49  4:30  Marine x2  
  54  4:37  Supply Depot  
  54  4:43  SCV x2  
  54  4:44  Supply Depot  
  60  4:59  Bunker  
Show
View Real Time Build Order
Export as new Build Order

Sziky Zerg 

Build Orders: Pool First, Ravager All-In 

Get SALT Encoding   

  12  0:01  Drone  
  13  0:09  Drone  
  14  0:17  Overlord  
  14  0:36  Drone  
  14  0:37  Drone x2  
  14  0:40  Extractor  
  16  0:46  Spawning Pool  
  15  0:54  Drone  
  16  0:58  Drone  
  17  1:09  Drone  
  18  1:26  Hatchery  
  17  1:34  Queen  
  17  1:37  Drone  
  20  1:40  Drone  
  21  1:52  Roach Warren  
  20  1:55  Drone  
  21  2:02  Overlord  
  21  2:14  Overlord  
  21  2:16  Extractor  
  20  2:33  Roach x2  
  20  2:36  Roach  
  26  2:39  Roach  
  26  2:43  Roach  
  30  2:48  Roach  
  32  2:54  Roach  
  34  3:04  Drone x2  
  36  3:06  Drone  
  37  3:13  Ravager  
  37  3:14  Ravager x2  
  40  3:21  Overlord  
  40  3:32  Ravager  
  38  3:46  Roach x3  
  41  3:48  Roach  
  41  3:52  Drone x2  
  41  3:54  Drone  
  46  3:57  Drone  
  47  4:04  Ravager  
  48  4:10  Overlord  
  48  4:17  Drone  
  48  4:19  Overlord  
  48  4:20  Extractor  
  48  4:30  Ravager  
  49  4:33  Drone x2  
  49  4:36  Ravager  
  54  4:41  Roach  
Tags
 
Add a new tag
Caveats
  • Supply blocks, unpowered buildings, or Contaminate may cause inaccurate times.
  • Supply counts are checked every 10 seconds.